Map: Ulrena

Players

zidar - Winner!

  • Race: Zerg Zerg
  • League: Gold
  • Spawn Location: 11:00

erle

  • Race: Protoss Protoss
  • League: Gold
  • Spawn Location: 7:00

VOD

Have the link to the VOD?

Description

Time

  • Played on: June 19, 2016, 2:33 p.m.
  • Length: 6:17
Show
View Real Time Build Order
Export as new Build Order

zidar Zerg - Winner!

Build Orders: Pool First 

Get SALT Encoding   

  12  0:01  Drone  
  13  0:12  Overlord  
  13  0:17  Drone  
  14  0:30  Drone x2  
  16  0:42  Spawning Pool  
  15  0:44  Drone  
  16  1:38  Zergling x6  
  19  1:53  Zergling x2  
  20  2:25  Hatchery  
  20  2:27  Extractor  
  20  2:29  Queen  
  20  2:43  Drone x2  
  22  3:01  Overlord x2  
  22  3:19  Queen  
  24  3:22  Zergling x2  
  24  3:23  Zergling x2  
  26  3:30  Drone  
  26  3:32  Metabolic Boost  
  27  3:42  Zergling x8  
  31  3:54  Zergling x2  
  31  3:55  Zergling x2  
  32  4:25  Zergling x10  
  37  4:39  Zergling x14  
  37  4:56  Zergling x2  
  37  4:57  Zergling x2  
  33  5:10  Zergling x6  
  33  5:15  Zergling x2  
  32  5:28  Zergling x4  
  31  5:40  Zergling x2  
  31  5:41  Zergling x2  
  32  5:49  Drone x5  
  36  6:05  Roach Warren  
Show
View Real Time Build Order
Export as new Build Order

erle Protoss 

Build Orders: Cannon Rush 

Get SALT Encoding   

  12  0:01  Probe (Chrono Boost)  
  13  0:12  Probe (Chrono Boost)  
  14  0:20  Pylon  
  14  0:22  Probe (Chrono Boost)  
  15  0:38  Probe (Chrono Boost)  
  15  0:41  Forge  
  16  0:48  Probe (Chrono Boost)  
  17  0:52  Pylon  
  17  0:59  Probe (Chrono Boost)  
  17  1:03  Pylon  
  18  1:12  Probe (Chrono Boost)  
  19  1:20  Pylon  
  19  1:24  Probe (Chrono Boost)  
  20  1:30  Photon Cannon  
  20  1:39  Photon Cannon  
  20  1:48  Photon Cannon  
  20  1:50  Probe (Chrono Boost)  
  20  2:00  Gateway, Probe (Chrono Boost)  
  21  2:04  Assimilator  
  21  2:11  Probe (Chrono Boost)  
  22  2:16  Pylon  
  22  2:22  Probe (Chrono Boost)  
  23  2:30  Photon Cannon  
  23  2:32  Probe (Chrono Boost)  
  24  2:40  Photon Cannon  
  24  2:43  Probe (Chrono Boost)  
  25  2:48  Zealot (Chrono Boost)  
  27  2:54  Photon Cannon  
  27  3:02  Probe  
  27  3:04  Assimilator  
  30  3:13  Zealot (Chrono Boost)  
  30  3:14  Probe  
  31  3:23  Cybernetics Core  
  31  3:37  Pylon  
  31  3:53  Nexus  
  32  4:02  Mothership Core  
  33  4:08  Pylon  
  31  4:23  Stalker (Chrono Boost)  
  28  5:34  Probe  
  23  5:40  Pylon  
  23  5:45  Pylon  
  23  5:58  Probe  
  23  6:02  Pylon  
Tags
 
Add a new tag
Caveats
  • Supply blocks, unpowered buildings, or Contaminate may cause inaccurate times.
  • Supply counts are checked every 10 seconds.